 Dungeon Crawl Stone Soup version 0.29-a0-380-gf50f0a9fbc (webtiles) character file.

Game seed: 5153753863234111562

2065 domi the Conjurer (level 9, -10/61 HPs)
             Began as a Demonspawn Hedge Wizard on May 5, 2022.
             Mangled by an orc warrior
             ... wielding a +0 scimitar
              (14 damage)
             ... on level 6 of the Dungeon.
             The game lasted 00:16:34 (9577 turns).

domi the Conjurer (Demonspawn Hedge Wizard)         Turns: 9577, Time: 00:16:34

Health: -10/61     AC:  5    Str: 10    XL:     9   Next: 5%
Magic:  1/16       EV: 12    Int: 21    God:
Gold:   841        SH:  0    Dex: 12    Spells: 4/18 levels left

rFire   + . .      SeeInvis .   g - +0 dagger (speed)
rCold   + . .      Faith    .   (no shield)
rNeg    . . .      Spirit   .   a - +0 robe {Will+}
rPois   .          Reflect  .   c - +0 hat
rElec   .          Harm     .   n - scarf {rC+ rF+}
rCorr   .          Rampage  .   z - +0 pair of gloves
Will    +....                   (no boots)
Stlth   ++........              (no amulet)
HPRegen 0.20/turn               (no ring)
MPRegen 0.15/turn               (no ring)

@: lethally poisoned (-10 -> -14)
A: molten scales 1, ignite blood 1, powered by pain 2, demonic touch 2
a: no special abilities


You were on level 6 of the Dungeon.
You visited 2 branches of the dungeon, and saw 8 of its levels.

You collected 841 gold pieces.

Inventory:

Hand Weapons
 d - a +1 whip of pain
   (You took it off a gnoll on level 6 of the Dungeon)
 g - a +0 dagger of speed (weapon)
   (You took it off a goblin on level 1 of the Dungeon)
 x - a +2 dagger of flaming
   (You took it off a goblin on level 4 of the Dungeon)
Armour
 a - a +0 robe of willpower (worn)
   (You found it on level 1 of the Dungeon)
 c - a +0 hat (worn)
 n - a scarf of resistance (worn)
   (You found it on level 2 of the Dungeon)
 z - a +0 pair of gloves (worn)
   (You found it on level 4 of the Dungeon)
Magical Staves
 D - a staff of conjuration {!a}
   (You found it on level 7 of the Dungeon)
Jewellery
 o - a +4 ring of evasion
   (You found it on level 2 of the Dungeon)
Scrolls
 e - a scroll of blinking {unknown}
 f - 3 scrolls of identify {unknown}
 h - a scroll of torment {unknown}
 i - 4 scrolls of fog {unknown}
 j - a scroll of amnesia {unknown}
 m - a scroll of vulnerability {unknown}
 s - 5 scrolls of teleportation {unknown}
 u - a scroll of noise {unknown}
 w - a scroll of magic mapping {unknown}
 y - a scroll of poison {unknown}
 A - a scroll of acquirement {unknown}
 B - 2 scrolls of fear {unknown}
 C - a scroll of brand weapon {unknown}
Potions
 b - a potion of mutation {unknown}
 l - a potion of brilliance
 p - 2 potions of lignification {unknown}
 q - a potion of degeneration {unknown}
 r - a potion of heal wounds {unknown}
 t - a potion of haste {unknown}
 v - 3 potions of cancellation {unknown}


   Skills:
 + Level 2.2 Fighting
 - Level 1.7 Dodging
 - Level 1.7 Stealth
 - Level 5.0 Spellcasting
 + Level 5.6 Conjurations
 - Level 5.0 Summonings
 - Level 0.8 Translocations
 - Level 5.0 Air Magic
 - Level 5.0 Poison Magic


You had 4 spell levels left.
You knew the following spells:

 Your Spells              Type           Power      Damage    Failure   Level
b - Blink                 Tloc           16%        N/A       12%         2
c - Mephitic Cloud        Conj/Pois/Air  27%        N/A       3%          3
v - Call Canine Familiar  Summ           26%        N/A       4%          3
x - Call Imp              Summ           26%        N/A       1%          2
z - Magic Dart            Conj           100%       1d8       1%          1
Z - Conjure Flame         Conj/Fire      17%        6-21      11%         3

Your spell library contained the following spells:

 Spells                   Type           Power      Damage    Failure   Level
 Summon Small Mammal      Summ           100%       N/A       1%          1
 Slow                     Hex            20%        N/A       11%         1
 Summon Guardian Golem    Hex/Summ       15%        N/A       12%         3
 Olgreb's Toxic Radiance  Pois           26%        N/A       14%         4
 Ozocubu's Refrigeration  Ice            2%         4d5       100%        7
 Ignition                 Fire           2%         3d3       100%        8


Dungeon Overview and Level Annotations

Branches:
Dungeon (7/15)             Temple (1/1) D:6

Altars:
Ashenzari
Cheibriados
Dithmenos
Elyvilon
Fedhas
Hepliaklqana
Kikubaaqudgha
Okawaru
Ru
Sif Muna
Trog
Vehumet
Wu Jian
Xom
Yredelemnul
Zin
The Shining One

Shops:
D:7 =

Annotations:
D:4 1 runed translucent door, Crazy Yiuf


Innate Abilities, Weirdness & Mutations

You are partially covered in molten scales. (AC +2)
Your demonic aura sometimes causes spilled blood to erupt in flames.
You sometimes gain power by taking damage.
Your touch may inflict irresistible damage on your foes.


Message History

Aim: a shadow imp (asleep, 100% to hit)
The magic dart hits the shadow imp.
The shadow imp shouts, "Accept thy fall, thou reeling-ripe toad-spotted whip-jack!"
You now have 14/16 mp.
Aim: a shadow imp (lightly wounded, 100% to hit)
The magic dart hits the shadow imp!
You now have 13/16 mp.
Aim: a shadow imp (almost dead, 100% to hit)
The magic dart hits the shadow imp.
You kill the shadow imp!
You now have 12/16 mp.
You can't see any susceptible monsters within range! (Use Z to cast anyway.)
You can't see any susceptible monsters within range! (Use Z to cast anyway.)
An orc warrior comes into view. It is wielding a +0 scimitar.
An orc warrior is nearby!
An orc warrior is nearby!
An orc warrior is nearby!
Aim: an orc warrior, wielding a +0 scimitar, wearing a +0 chain mail and quivering boomerangs (wandering, hasn't noticed you, chance to affect: 81%)
The ball explodes into a vile cloud!
The stinking cloud engulfs the orc warrior but does no damage.
The orc warrior shouts!
Something shouts, "Turn tail, thou simpering spur-galled giglet!"
You hear a bark!
You hear an angry hiss.
The orc warrior is engulfed in noxious fumes.
The orc warrior appears confused.
You now have 10/16 mp.
Aim: an orc warrior, wielding a +0 scimitar, wearing a +0 chain mail and quivering boomerangs (noxious fumes, confused, 100% to hit)
The magic dart hits the orc warrior but does no damage.
The orc warrior is engulfed in noxious fumes.
The orc warrior appears confused.
You now have 9/16 mp.
Aim: an orc warrior, wielding a +0 scimitar, wearing a +0 chain mail and quivering boomerangs (confused, 100% to hit)
The magic dart hits the orc warrior but does no damage.
The orc warrior shouts, "What's happening?!"
You now have 8/16 mp.
Aim: an orc warrior, wielding a +0 scimitar, wearing a +0 chain mail and quivering boomerangs (confused, 100% to hit)
The magic dart hits the orc warrior but does no damage.
You now have 7/16 mp.
Aim: an orc warrior, wielding a +0 scimitar, wearing a +0 chain mail and quivering boomerangs (confused, 100% to hit)
The magic dart hits the orc warrior but does no damage.
Aim: an orc warrior, wielding a +0 scimitar, wearing a +0 chain mail and quivering boomerangs (confused, 100% to hit)
The magic dart hits the orc warrior!
You now have 6/16 mp.
Aim: an orc warrior, wielding a +0 scimitar, wearing a +0 chain mail and quivering boomerangs (moderately wounded, confused, 100% to hit)
The magic dart hits the orc warrior.
You now have 5/16 mp.
Aim: an orc warrior, wielding a +0 scimitar, wearing a +0 chain mail and quivering boomerangs (moderately wounded, confused, 100% to hit)
The magic dart hits the orc warrior but does no damage.
A hound comes into view.
You now have 4/16 mp.
Aim: an orc warrior, wielding a +0 scimitar, wearing a +0 chain mail and quivering boomerangs (moderately wounded, confused, 100% to hit)
The magic dart hits the orc warrior but does no damage.
The orc warrior screams, "I'll kill you anyway!"
You now have 3/16 mp.
Aim: an orc warrior, wielding a +0 scimitar, wearing a +0 chain mail and quivering boomerangs (moderately wounded, confused, 100% to hit)
The magic dart hits the orc warrior.
You now have 2/16 mp.
Aim: an orc warrior, wielding a +0 scimitar, wearing a +0 chain mail and quivering boomerangs (heavily wounded, confused, 100% to hit)
The magic dart hits the orc warrior but does no damage.
The hound bites you.
You take 5 damage, and have 56/61 hp.
The hound bites you.
You take 3 damage, and have 53/61 hp.
The hound bites you.
You take 1 damage, and have 52/61 hp.
A scorpion comes into view.
The hound bites you. The hound closely misses you.
You take 2 damage, and have 50/61 hp.
You see here an iguana corpse.
The hound attacks as you move away! The hound closely misses you.
The scorpion stings you!
You are poisoned.
The scorpion poisons you! The hound closely misses you.
The scorpion stings you.
You are more poisoned.
The scorpion poisons you!
There is an open door, spattered with blood here.
You take 12 damage, and have 38/61 hp.
You blink.
You feel very sick.
You take 3 damage, and have 35/61 hp.
You now have 1/16 mp.
You feel very sick.
You take 3 damage, and have 32/61 hp.
You feel very sick.
The orc warrior seems less confused.
You take 3 damage, and have 29/61 hp.
You feel sick. The hound barely misses you.
You take 2 damage, and have 27/61 hp.
You feel sick. The hound misses you.
The orc warrior hits you with a +0 scimitar!!
* * * LOW HITPOINT WARNING * * *
You take 22 damage, and have 5/61 hp.
MASSIVE DAMAGE!!
Okay, then.
The hound attacks as you move away! The hound barely misses you.
You feel stable enough to blink again.
* * * LOW HITPOINT WARNING * * *
You feel sick.
The orc warrior hits you with a +0 scimitar!
You die...

#.(......# ####..............
#........###....###...#.#####
##......##.###### ##(##.#
##....##...## #.##.#
...####)####.....## #.##.#
...'......'†......# #.##.##
...########....s..# #.....#
#.....oh# ####..# ##....@##
#..# #.....# #######..#
#####)# #........# .)..
########.# ......#### #.#
#.....###^#####.#### ##...##
#....5...<..
#...####.......####
##.##)...##########


You could see an orc warrior, a scorpion and a hound.

Vanquished Creatures
  A water moccasin (D:7)
  2 ice beasts
  A black bear (D:6)
  2 centaurs
  A phantom (D:4)
  2 kobold brigands
  A bullfrog (D:7)
  A gnoll sergeant (D:7)
  4 killer bees (D:7)
  An orc priest (D:7)
  A hound (D:6)
  2 jellies
  5 iguanas
  Natasha (D:2)
  2 orc wizards
  6 gnolls
  3 adders
  3 shadow imps
  2 white imps
  2 ufetubi
  2 worms (D:2)
  9 dart slugs
  5 orcs
  4 endoplasms
  5 giant cockroaches
  7 goblins
  2 hobgoblins (D:1)
  10 jackals
  A quokka (D:1)
  8 ball pythons
  5 bats
  6 frilled lizards
  23 kobolds
  3 rats
133 creatures vanquished.

Vanquished Creatures (collateral kills)
  A water moccasin (D:6)
  A centaur (D:4)
  A kobold brigand (D:6)
  A necrophage (D:7)
  A killer bee (D:7)
  An iguana (D:7)
  An orc wizard (D:7)
  2 gnolls
  A shadow imp (D:7)
  A worm (D:5)
11 creatures vanquished.

Vanquished Creatures (others)
  A nameless horror (D:7)
  17 plants
18 creatures vanquished.

Grand Total: 162 creatures vanquished

Notes
Turn   | Place    | Note
-------+----------+-------------------------------------------
     0 | D:1      | domi the Demonspawn Hedge Wizard began the quest for the
                  | Orb.
     0 | D:1      | Reached XP level 1. HP: 13/13 MP: 4/4
   336 | D:1      | Reached skill level 2 in Conjurations
   379 | D:1      | Gained mutation: Your touch may inflict minor irresistible
                  | damage on your foes. [demonic ancestry]
   379 | D:1      | Reached XP level 2. HP: 13/19 MP: 1/6
  1021 | D:1      | Found a faded altar of an unknown god.
  1165 | D:1      | Reached skill level 3 in Conjurations
  1174 | D:1      | Gained mutation: You sometimes gain a little power by
                  | taking damage. [demonic ancestry]
  1174 | D:1      | Reached XP level 3. HP: 24/24 MP: 5/7
  2051 | D:2      | Noticed Natasha
  2163 | D:2      | HP: 6/24 [adder (3)]
  2215 | D:2      | Learned a level 2 spell: Call Imp
  2218 | D:2      | Learned a level 2 spell: Blink
  2222 | D:2      | Learned a level 3 spell: Mephitic Cloud
  2957 | D:2      | Killed Natasha
  2958 | D:2      | Reached skill level 4 in Conjurations
  2958 | D:2      | Gained mutation: You sometimes gain power by taking damage.
                  | [demonic ancestry]
  2958 | D:2      | Reached XP level 4. HP: 12/30 MP: 3/8
  3791 | D:3      | Reached XP level 5. HP: 28/35 MP: 2/9
  4165 | D:4      | Reached skill level 5 in Conjurations
  4283 | D:4      | Reached skill level 2 in Summonings
  4315 | D:4      | Noticed a phantom
  4376 | D:4      | Killed a phantom
  4377 | D:4      | Reached skill level 3 in Summonings
  4468 | D:4      | Found a broken altar of Ashenzari.
  4485 | D:4      | Noticed a centaur
  4534 | D:4      | Killed a centaur
  4535 | D:4      | Reached skill level 4 in Summonings
  4535 | D:4      | Reached XP level 6. HP: 41/41 MP: 0/10
  4889 | D:4      | Reached skill level 5 in Summonings
  4893 | D:4      | Learned a level 3 spell: Call Canine Familiar
  5165 | D:4      | Found a runed translucent door.
  5166 | D:4      | Noticed Crazy Yiuf
  5275 | D:5      | Entered Level 5 of the Dungeon
  5353 | D:5      | Reached skill level 1 in Air Magic
  5353 | D:5      | Reached skill level 1 in Poison Magic
  5353 | D:5      | Gained mutation: You are partially covered in molten
                  | scales. (AC +2) [demonic ancestry]
  5353 | D:5      | Reached XP level 7. HP: 41/46 MP: 6/11
  5451 | D:5      | Reached skill level 2 in Poison Magic
  5908 | D:5      | Reached skill level 2 in Air Magic
  6315 | D:6      | HP: 11/46 [poisoned by a kobold brigand (curare-tipped
                  | dart)]
  6349 | D:6      | Reached skill level 3 in Poison Magic
  6716 | D:6      | Reached skill level 3 in Air Magic
  7117 | D:7      | Reached skill level 4 in Poison Magic
  7117 | D:7      | Gained mutation: Your demonic aura sometimes causes spilled
                  | blood to erupt in flames. [demonic ancestry]
  7117 | D:7      | Reached XP level 8. HP: 52/52 MP: 1/12
  7296 | D:7      | Reached skill level 4 in Air Magic
  7438 | D:7      | Reached skill level 5 in Poison Magic
  7452 | D:7      | HP: 11/52 [killer bee (5)]
  7459 | D:7      | Reached skill level 5 in Air Magic
  7985 | D:7      | Reached skill level 4 in Spellcasting
  8207 | D:7      | Found Veleuh's Jewellery Shoppe.
  8428 | D:6      | Found a staircase to the Ecumenical Temple.
  8431 | D:6      | Reached skill level 5 in Spellcasting
  8435 | D:6      | Learned a level 3 spell: Conjure Flame
  8441 | Temple   | Entered the Ecumenical Temple
  8918 | D:6      | Reached skill level 1 in Fighting
  9144 | D:6      | Found an ornate altar of the Wu Jian Council.
  9302 | D:6      | Gained mutation: Your touch may inflict irresistible damage
                  | on your foes. [demonic ancestry]
  9302 | D:6      | Reached XP level 9. HP: 61/61 MP: 11/16
  9363 | D:6      | Reached skill level 2 in Fighting
  9576 | D:6      | HP: 5/61 [orc warrior/+0 scimitar (21)]
  9577 | D:6      | Mangled by an orc warrior

Illustrated notes

Levels and vault maps discovered:
D:1:      tarquinn_simple_flora_water_e, layout_rooms,
          shapermc_ecumenical_altar_pompeii, serial_forest,
          infiniplex_forest_lined_room_2, infiniplex_forest_lined_ring,
          infiniplex_forest_join, infiniplex_forest_lined_4_way,
          infiniplex_forest_clump_C, infiniplex_forest_pool,
          infiniplex_forest_diagonal, infiniplex_forest_end_1
D:2:      layout_loops_ring, uniq_natasha
D:3:      layout_basic, minmay_quantized
D:4:      layout_rooms, evilmike_ruin_ashenzari, minmay_crystal_water,
          uniq_crazy_yiuf_cottage
D:5:      cheibrodos_quashed, layout_basic, minmay_misc_feat_pillars,
          hangedman_decor_slide_cut
D:6:      minmay_polygon_palace, layout_loops_ring, lemuel_crystal_altar,
          nzn_wu_jian_council_hall, minmay_temple_entry_large_hall,
          serial_bayou_crossing
D:7:      layout_basic, serial_shops, kennysheep_mini
Temple:   eino_narrow_crystal_temple

Skill      XL: |  1  2  3  4  5  6  7  8  9 |
---------------+----------------------------+-----
Conjurations   | 2 3 4 5 |  5.6
Summonings     | 4 5 |  5.0
Air Magic      | 1 3 5 |  5.0
Poison Magic   | 1 4 5 |  5.0
Spellcasting   | 5 |  5.0
Fighting       | 1 2 |  2.2
Dodging        | |  1.7
Stealth        | |  1.7
Translocations | |  0.8

Action                   |  1- 3 |  4- 6 |  7- 9 || total
-------------------------+-------+-------+-------++-------
Melee: Dagger            |    15 |    40 |    58 ||   113
       Unarmed           |    37 |       |       ||    37
       Touch             |     8 |    10 |    11 ||    29
 Cast: Magic Dart        |    82 |   102 |   155 ||   339
       Call Imp          |     1 |     3 |     9 ||    13
       Mephitic Cloud    |       |     1 |    15 ||    16
       Call Canine Famil |       |     1 |    18 ||    19
       Blink             |       |       |     2 ||     2
       Conjure Flame     |       |       |     5 ||     5
  Use: Potion            |     2 |       |     9 ||    11
 Stab: Sleeping          |       |     1 |       ||     1
       Confused          |       |       |     2 ||     2
Armor: Robe              |     9 |    12 |    17 ||    38
Dodge: Dodged            |    32 |    32 |    55 ||   119

Table legend: (Time is in decaauts)
 A = Elapsed time spent in this place.
 B = Non-inter-level travel time spent in this place.
 C = Inter-level travel time spent in this place.
 D = Time resting spent in this place.
 E = Time spent auto-exploring this place.
 F = Levels seen in this place.
 G = Mean time per level.
                   A        B        C        D        E       F      G
               +--------+--------+--------+--------+--------+-----+--------+
         Total |   9566 |   9346 |    220 |   2195 |   5931 |   8 | 1195.8 |
       Dungeon |   9315 |   9109 |    206 |   2168 |   5728 |   7 | 1330.7 |
        Temple |    250 |    236 |     14 |     27 |    203 |   1 |  250.0 |
               +--------+--------+--------+--------+--------+-----+--------+

Top non-repeatable levels by time:
     D:1: 1634 daAuts
     D:6: 1616 daAuts
     D:2: 1516 daAuts
     D:7: 1455 daAuts
     D:4: 1165 daAuts
     D:3: 970 daAuts
     D:5: 958 daAuts
  Temple: 250 daAuts

Table legend:
 A = Kills in this place as a percentage of kills in entire the game.
 B = Kills by you in this place as a percentage of kills by you in the entire game.
 C = Kills by friends in this place as a percentage of kills by friends in the entire game.
 D = Other kills in this place as a percentage of other kills in the entire game.
 E = Experience gained in this place as a percentage of experience gained in the entire game.
 F = Experience gained in this place divided by the number of levels of this place that you have seen.
                   A       B       C       D       E      F
               +-------+-------+-------+-------+-------+----------------------
         Total | 100.0 | 100.0 | 100.0 | 100.0 | 100.0 | 368.8
       Dungeon | 100.0 | 100.0 | 100.0 | 100.0 | 100.0 | 421.4
               +-------+-------+-------+-------+-------+----------------------
